 Dungeon Crawl Stone Soup version 0.31-a0-263-ge8cad7f256 (webtiles) character file.

Game seed: 1763718091653262339

126 qw the Shooter (level 5, -1/30 HPs)
             Began as a Gargoyle Hexslinger on July 13, 2023.
             Slain by a black bear (2 damage)
             ... on level 4 of the Dungeon.
             The game lasted 00:00:58 (2546 turns).

qw the Shooter (Gargoyle Hexslinger)                Turns: 2546, Time: 00:00:59

Health: -1/30      AC: 11    Str: 10    XL:     5   Next: 9%
Magic:  6/6        EV: 11    Int: 18    God:
Gold:   144        SH:  0    Dex: 13    Spells: 5/6 levels left

rFire   . . .        Y - +1 sling
rCold   . . .        (no shield)
rNeg    + . .        c - +3 leather armour "Roczu" {Slay+2}
rPois   inf          (helmet restricted)
rElec   +            d - +0 cloak
rCorr   .            (no gloves)
SInv    .            (no boots)
Will    .....        (no amulet)
Stlth   +            (no ring)
HPRegen 0.25/turn    (no ring)
MPRegen 0.10/turn

%: no passive effects
@: no status effects
A: sickness immunity, AC +4, negative energy resistance 1, electricity
resistance, torment resistance 1, petrification resistance, horns 1, clever 1,
sense surroundings 1
a: no special abilities


You were on level 4 of the Dungeon.
You visited 1 branch of the dungeon, and saw 4 of its levels.

You collected 144 gold pieces.


Innate Abilities, Weirdness & Mutations

You are immune to sickness and miasma.
Your stone body is resilient. (AC +4)
You are immune to poison.
You resist negative energy. (rN+)
You are resistant to electric shocks. (rElec)
You are resistant to unholy torment.
You are immune to petrification.
You have a pair of small horns on your head.
Your mind is acute. (Int +4, Str/Dex -1)
You passively map a small area around you.


   Skills:
 - Level 2.0 Fighting
 + Level 4.8 Ranged Weapons
 - Level 1.5 Dodging
 - Level 1.0 Spellcasting
 - Level 2.6 Hexes


You had 5 spell levels left.
You knew the following spells:

 Your Spells              Type           Power      Damage    Failure   Level
a - Slow                  Hex            40%        N/A       9%          1

Your spell library contained the following spells:

 Spells                   Type           Power      Damage    Failure   Level
 Inner Flame              Hex/Fire       5%         N/A       43%         3
 Portal Projectile        Hex/Tloc       10%        N/A       43%         3
 Cause Fear               Hex            5%         N/A       65%         4

Inventory:

Hand Weapons
 Y - a +1 sling (weapon)
Armour
 c - the +3 leather armour "Roczu" (worn) {Slay+2}
   (You found it on level 3 of the Dungeon)

   Slay:      It affects your accuracy & damage with ranged weapons and melee
   (+2).
 d - a +0 cloak (worn)
Scrolls
 a - 4 scrolls of identify
Potions
 b - 2 potions of mutation

Dungeon Overview and Level Annotations

Branches:
Dungeon (4/15)
 Temple: D:4-7

Altars:
Trog


Message History

The black bear bites you. The black bear completely misses you.
The black bear claws you but does no damage.
You shoot a sling bullet.
The sling bullet closely misses the black bear.
You hear a shout!
The gnoll completely misses you.
The black bear bites you but does no damage.
The black bear claws you.
The black bear claws you but does no damage.
You shoot a sling bullet.
The sling bullet closely misses the black bear.
You hear a shout!
The gnoll barely misses you. The black bear bites you.
The black bear claws you but does no damage.
The black bear closely misses you.
You shoot a sling bullet. The sling bullet hits the black bear.
The black bear is moderately wounded.
The gnoll barely misses you. The black bear closely misses you.
The black bear claws you but does no damage.
The black bear closely misses you.
You shoot a sling bullet. The sling bullet hits the black bear!
The black bear is severely wounded.
The gnoll hits you but does no damage. The black bear bites you!
The black bear claws you. The black bear closely misses you.
The black bear bites you.
The black bear claws you but does no damage. x2
The gnoll barely misses you.
You shoot a sling bullet. The sling bullet hits the black bear.
The black bear is severely wounded.
The gnoll barely misses you.
The black bear goes berserk!
You shoot a sling bullet.
The sling bullet closely misses the black bear.
The black bear bites you! The black bear closely misses you.
The black bear misses you. The gnoll barely misses you.
The black bear misses you. x2
The black bear claws you but does no damage.
You shoot a sling bullet. The sling bullet hits the black bear.
The black bear is severely wounded.
The black bear bites you.
You die...

, .. .. , , * #. , ,
, , #., , , * #g, #g
* #h######.##
###.@........ , *
#.(..#.....## ,
#.##.#.##### , * #,
#.#.# #.#.#### *
#......# * *
#......# , ,
.....#....#########
*
...#.###...........#


You could see a black bear (berserk) and 2 gnolls.

Vanquished Creatures
  3 gnolls (D:2)
  2 adders (D:2)
  2 worms (D:3)
  A dart slug (D:1)
  An orc (D:3)
  6 endoplasms
  A giant cockroach (D:4)
  9 goblins
  6 hobgoblins
  9 kobolds
  4 quokkas
  5 ball pythons
  7 bats
  4 frilled lizards
  9 rats
69 creatures vanquished.

Notes
Turn   | Place    | Note
-------+----------+-------------------------------------------
     0 | D:1      | qw the Gargoyle Hexslinger began the quest for the Orb.
     0 | D:1      | Reached XP level 1. HP: 12/12 MP: 2/2
     0 | D:1      | 0 ||| qw: Version: 0.3-a-52-g30416fa
     0 | D:1      | 0 ||| qw: Game counter: 7088
     0 | D:1      | 0 ||| qw: Melee chars always use a shield: true
     0 | D:1      | 0 ||| qw: God list: Okawaru
     0 | D:1      | 0 ||| qw: Allow faded altars: false
     0 | D:1      | 0 ||| qw: Do Orc after clearing Dungeon:15 true
     0 | D:1      | 0 ||| qw: Do second Lair branch before Depths: true
     0 | D:1      | 0 ||| qw: Lair rune preference: random
     0 | D:1      | 0 ||| qw: Goals: Normal
     0 | D:1      | 0 ||| PLANNING D:1-11
   123 | D:1      | Found a faded altar of an unknown god.
   179 | D:1      | Reached XP level 2. HP: 16/16 MP: 3/3
   274 | D:1      | Reached skill level 3 in Ranged Weapons
   403 | D:1      | Reached XP level 3. HP: 21/21 MP: 4/4
   890 | D:1      | 890 ||| UPGRADING to +0 leather armour.
   900 | D:1      | 900 ||| DROPPING +0 robe.
   901 | D:1      | 901 ||| READING 3 scrolls labelled JEUXUSS GOEH.
   902 | D:1      | 902 ||| READING scroll labelled CAILUSEFOE.
   903 | D:1      | 903 ||| READING scroll labelled ESUBLU NIRE.
   904 | D:1      | 904 ||| READING scroll labelled SALOZXUA CEETU.
   905 | D:1      | 905 ||| READING scroll labelled EDUKHEA WOSOT.
   906 | D:1      | 906 ||| DROPPING scroll of poison.
   990 | D:2      | Reached XP level 4. HP: 20/26 MP: 5/5
   993 | D:2      | Reached skill level 4 in Ranged Weapons
  1581 | D:2      | 1581 ||| UPGRADING to +0 cloak.
  1586 | D:2      | 1586 ||| READING scroll labelled IRINOGG COYTE.
  1587 | D:2      | 1587 ||| READING scroll labelled PIZEOM XESEL.
  1588 | D:2      | 1588 ||| DRINKING 3 red potions.
  1588 | D:2      | Gained mutation: Your mind is acute. (Int +4, Str/Dex -1)
                  | [potion of mutation]
  1588 | D:2      | Gained mutation: You have a pair of small horns on your
                  | head. [potion of mutation]
  1588 | D:2      | Gained mutation: You passively map a small area around you.
                  | [potion of mutation]
  1641 | D:3      | Identified the +3 leather armour "Roczu" {Slay+2}
  1887 | D:3      | Found a bloodstained altar of Trog.
  1901 | D:3      | Reached XP level 5. HP: 30/30 MP: 6/6
  2306 | D:3      | 2306 ||| UPGRADING to +3 leather armour "Roczu" {Slay+2}.
  2316 | D:3      | 2316 ||| DROPPING +0 leather armour.
  2317 | D:3      | 2317 ||| READING scroll labelled CUFINA LAAZOD.
  2318 | D:3      | 2318 ||| READING scroll labelled YTESCH IRIEL.
  2323 | D:3      | 2323 ||| READING scroll labelled IRGHIUHEINU.
  2483 | D:4      | 2483 ||| PLANNING OSSUARY
  2535 | D:4      | 2535 ||| Stepping ~*~*~tactically~*~*~ (outnumbered).
  2536 | D:4      | Noticed a black bear
  2545 | D:4      | HP: 1/30 [black bear (11)]
  2546 | D:4      | Slain by a black bear

Levels and vault maps discovered:
D:1:      dpeg_arrival_round_c, layout_loops_corners,
          ebering_ecumenical_altar_sacrificial
D:2:      layout_loops_ring
D:3:      layout_loops_ring, trog_three_pillars_becter, minmay_misc_feat_tiny
D:4:      layout_basic, mainiacjoe_overflow_surrounded_room,
          overflow_temple_1_default, nicolae_ossuary_entry_giza

Skill      XL: |  1  2  3  4 |
---------------+-------------+-----
Ranged Weapons | 3 4 |  4.8
Fighting       | 2 |  2.0
Dodging        | |  1.5
Spellcasting   | |  1.0
Hexes          | |  2.6

Action                     |  1- 3 |  4- 6 || total
---------------------------+-------+-------++-------
   Fire: Sling             |   102 |   134 ||   236
    Use: Scroll            |     5 |     5 ||    10
         Potion            |       |     1 ||     1
 Armour: Robe              |     7 |       ||     7
         Leather armour    |     2 |    37 ||    39
  Dodge: Dodged            |    29 |    55 ||    84

Table legend:
 A = Non-vault XP
 B = Vault XP
 C = Vault XP percentage of total XP
 D = Non-vault monster count
 E = Vault monster count
 F = Vault count percentage of total count
                 A         B        C        D         E       F
            +---------+---------+-------+---------+---------+-------
      Total |     180 |       0 |   0.0 |      69 |       0 |   0.0
            +---------+---------+-------+---------+---------+-------
        D:1 |      46 |       0 |   0.0 |      28 |       0 |   0.0
        D:2 |      94 |       0 |   0.0 |      18 |       0 |   0.0
        D:3 |      38 |       0 |   0.0 |      22 |       0 |   0.0
        D:4 |       2 |       0 |   0.0 |       1 |       0 |   0.0
            +---------+---------+-------+---------+---------+-------
